General information
- name: BNet
- type: Ladder 1vs1/FFA
- host: Battle.net
- saver: PoopyDad12314
map: SecretValley
- players: 2
- length: 20:09
- speed: Fast
- version: 1.26 W3XP
- replay type: Public
» download(86 KB)
Players
team 1 (winner)

»
PoopyDad12314 (
yellow | 156 APM | 3149 actions | 20:09)
6 Blademaster
3 Wind Walk
3 Critical Strike
4 Shadow Hunter
2 Healing Wave
2 Hex
» actions
| Assign group hotkey | 32 | |
| Basic commands | 146 | |
| Build / train | 71 | |
| Enter build submenu | 14 | |
| Enter hero's abilities submenu | 10 | |
| Give item / drop item | 4 | |
| Remove unit from queue | 1 | |
| Right click | 1515 | |
| Select / deselect | 533 | |
| Select group hotkey | 725 | |
| Use ability | 97 | |
3149 total
» units
| Peon | 10 | |
| Grunt | 18 | |
| Raider | 6 | |
| Spirit Walker | 1 | |
35 total
» upgrades
| Berserker Strength | 1 | |
| Ensnare | 1 | |
| Armor | 2 | |
| Melee Weapons | 3 | |
| Spirit Walker Training | 1 | |
8 total
» buildings
| Altar of Storms | 1 | |
| Orc Burrow | 5 | |
| Barracks | 1 | |
| Voodoo Lounge | 1 | |
| Stronghold | 1 | |
| War Mill | 1 | |
| Beastiary | 1 | |
| Fortress | 1 | |
| Spirit Lodge | 1 | |
| Great Hall | 2 | |
15 total
» build order
00:04 Altar of Storms
00:07 Orc Burrow
00:25 Barracks
01:41 Orc Burrow
01:51 Voodoo Lounge
03:22 Stronghold
03:56 War Mill
04:26 Orc Burrow
05:45 Beastiary
08:10 Orc Burrow
09:52 Fortress
13:12 Spirit Lodge
14:18 Great Hall
15:53 Orc Burrow
16:48 Great Hall
» items
| Healing Salve | 4 | |
| Boots of Speed | 1 | |
| Scroll of Healing | 1 | |
| Lesser Clarity Potion | 1 | |
| Orb of Lightning | 1 | |
| Potion of Mana | 4 | |
| Potion of Healing | 1 | |
13 total
team 2 (loser)

»
SK-riquelme (
teal | 107 APM | 2157 actions | 20:07)
3 Death Knight
1 Death Coil
2 Unholy Aura
3 Lich
2 Frost Nova
1 Dark Ritual
» actions
| Assign group hotkey | 27 | |
| Basic commands | 182 | |
| Build / train | 74 | |
| Enter build submenu | 13 | |
| Enter hero's abilities submenu | 6 | |
| Right click | 951 | |
| Select / deselect | 360 | |
| Select group hotkey | 430 | |
| Use ability | 114 | |
2157 total
» units
| Acolyte | 6 | |
| Ghoul | 7 | |
| Crypt Fiend | 5 | |
| Necromancer | 7 | |
| Obsidian Statue | 6 | |
| Meatwagon | 1 | |
32 total
» upgrades
| Skeletal Mastery | 1 | |
| Skeletal Longevity | 1 | |
| Necromancer Training | 2 | |
| Exhume Corpses | 1 | |
| Destroyer Form | 1 | |
6 total
» buildings
| Altar of Darkness | 1 | |
| Crypt | 1 | |
| Ziggurat | 5 | |
| Tomb of Relics | 1 | |
| Graveyard | 1 | |
| Nerubian Tower | 1 | |
| Halls of the Dead | 4 | |
| Temple of the Damned | 1 | |
| Black Citadel | 2 | |
| Slaughterhouse | 1 | |
| Sacrificial Pit | 1 | |
| Boneyard | 1 | |
20 total
» build order
00:06 Altar of Darkness
00:09 Crypt
00:24 Ziggurat
00:55 Tomb of Relics
01:27 Graveyard
02:03 Nerubian Tower
02:49 Halls of the Dead
02:49 Halls of the Dead
02:49 Halls of the Dead
03:22 Ziggurat
06:30 Temple of the Damned
06:49 Black Citadel
07:12 Ziggurat
07:17 Slaughterhouse
07:34 Sacrificial Pit
08:15 Ziggurat
15:22 Ziggurat
16:21 Boneyard
» items
| Rod of Necromancy | 6 | |
| Boots of Speed | 1 | |
| Potion of Healing | 4 | |
| Orb of Corruption | 1 | |
12 total
Chat log
(20:06 / All) SK-riquelme: gg